 Dungeon Crawl Stone Soup version 0.29.1-15-g9cfb28693d (webtiles) character file.

Game seed: 29541547419222957

895 joshua the Shield-Bearer (level 7, -3/71 HPs)
             Began as a Troll Fighter on Mar 17, 2023.
             Slain by a killer bee (5 damage)
             ... on level 5 of the Dungeon.
             The game lasted 00:16:17 (3191 turns).

joshua the Shield-Bearer (Troll Fighter)            Turns: 3191, Time: 00:16:18

Health: -3/71      AC:  5    Str: 29    XL:     7   Next: 78%
Magic:  6/6        EV: 13    Int:  4    God:
Gold:   168        SH:  8    Dex:  9    Spells: 6/6 levels left

rFire   . . .      SeeInvis .   i - +12 quick blade "Nogh" {freeze, Str+2}
rCold   . . .      Faith    .   c - +0 kite shield
rNeg    . . .      Spirit   .   b - +0 robe
rPois   .          Reflect  .   k - +1 hat
rElec   .          Harm     .   (no cloak)
rCorr   .          Rampage  .   (gloves unavailable)
Will    .....                   (boots unavailable)
Stlth   +.........              (no amulet)
HPRegen 1.01/turn               m - +4 ring of evasion
MPRegen 0.10/turn               (no ring)

@: lethally poisoned (-3 -> -3), studying Polearms
A: large, unfitting armour, claws 3, regeneration 1, shaggy fur 1, tough skin 1
a: no special abilities


You were on level 5 of the Dungeon.
You visited 1 branch of the dungeon, and saw 5 of its levels.

You collected 228 gold pieces.
You spent 60 gold pieces at shops.

Inventory:

Hand Weapons
 a - a +0 flail
 h - a +0 short sword of venom
 i - the +12 quick blade "Nogh" (weapon) {freeze, Str+2}
   (You acquired it on level 3 of the Dungeon)

   It freezes those it strikes, dealing additional cold damage.
   It can also slow down cold-blooded creatures.
   Str:       It affects your strength (+2).
 o - a +0 mace
 y - a +2 falchion of holy wrath
 A - a +2 halberd
Armour
 b - a +0 robe (worn)
 c - a +0 kite shield (worn)
 f - a +0 leather armour
 k - a +1 hat (worn)
 l - a +0 ring mail
 s - an orb of energy
 w - a +0 pair of gloves
Jewellery
 m - a +4 ring of evasion (left claw)
 x - a ring of protection from cold
Wands
 p - a wand of charming (8)
Scrolls
 q - 3 scrolls of immolation {unknown}
 t - 2 scrolls of brand weapon {unknown}
 u - 2 scrolls of identify
 z - a scroll of teleportation {unknown}
Potions
 d - a potion of might
 e - a potion of magic
 g - a potion of curing {unknown}
 j - a potion of attraction {unknown}
 n - 2 potions of flight {unknown}
 r - a potion of degeneration {unknown}
 v - a potion of berserk rage {unknown}


   Skills:
 + Level 4.3 Fighting
 + Level 4.3 Maces & Flails
 + Level 4.3 Dodging
 + Level 4.9 Shields


You had 6 spell levels left.
You didn't know any spells.
Your spell library contained the following spells:

 Spells                   Type           Power      Damage    Failure   Level
 Shock                    Conj/Air       0%         1d3       77%         1
 Stone Arrow              Conj/Erth      0%         3d7       98%         3
 Animate Armour           Summ/Erth      0%         N/A       100%        4
 Lehudib's Crystal Spear  Conj/Erth      0%         10d2      100%        8


Dungeon Overview and Level Annotations

Branches:
Dungeon (5/15)
 Temple: D:4-7

Altars:
Makhleb

Shops:
D:1 *(!


Innate Abilities, Weirdness & Mutations

You are too large for most types of armour.
You have claws for hands.
Your natural rate of healing is unusually fast.
You are covered in fur. (AC +1)
You have tough skin. (AC +1)


Message History

You see here a hound corpse.
You hit the killer bee. You freeze the killer bee.
The killer bee is heavily wounded.
You feel sick. The killer bee closely misses you.
You block the killer bee's attack. The gnoll barely misses you.
The killer bee stings you!
The killer bee stings you but does no damage. x2
You hit the killer bee. You freeze the killer bee.
The killer bee is almost dead.
You feel sick. The killer bee stings you. The killer bee closely misses you.
You block the killer bee's attack. You block the gnoll's attack.
You completely miss the killer bee.
The killer bee is almost dead.
You feel sick. You block the killer bee's attack. x3
The killer bee stings you. The killer bee closely misses you.
You block the killer bee's attack.
The killer bee stings you but does no damage.
The killer bee misses you. x2; The killer bee stings you.
The gnoll hits you from afar with a +0 spear!
* * * LOW HITPOINT WARNING * * *
You puncture the killer bee! You freeze the killer bee.
You kill the killer bee!
You feel sick. The killer bee closely misses you. The killer bee stings you!
* * * LOW HITPOINT WARNING * * *
You block the killer bee's attack. x2
The killer bee attacks as you move away!
The killer bee stings you.
* * * LOW HITPOINT WARNING * * *
You feel sick. The killer bee stings you.
* * * LOW HITPOINT WARNING * * *
The killer bee misses you. The gnoll closely misses you.
You block the killer bee's attack. The killer bee stings you.
* * * LOW HITPOINT WARNING * * *
The killer bee closely misses you.
There is a stone staircase leading up, spattered with blood here.
You see here a +3 flail.
You feel sick.
The killer bee stings you but does no damage.
You block the killer bee's attack. The killer bee stings you.
You die...

.. ..... ....... ...
..... .<..... ....
....## ..#...#
$...###...## ##/....#
...........###.....###
....#..##..#.....##...
........yy..........#.
. # #..@yy..†........
....#.#.g##....!.###..#
......†..##.#..........
#.(....#..............#
##....##........###....
#.#.......##.#... ....
# #. .....##.##..# ..#
.. .....##.. ..# .# ..
........# #.#


You could see 4 killer bees and a gnoll.

Vanquished Creatures
  Prince Ribbit (D:5)
  A black bear (D:4)
  A scorpion (D:5)
  3 wights (D:4)
  A killer bee (D:5)
  4 hounds
  A jelly (D:5)
  Jessica (D:3)
  8 gnolls
  3 adders
  An ufetubus (D:4)
  A worm (D:3)
  A dart slug (D:4)
  An orc (D:5)
  8 endoplasms
  4 giant cockroaches
  8 goblins
  2 hobgoblins
  5 jackals
  5 quokkas
  9 ball pythons
  5 bats
  2 frilled lizards
  5 kobolds
  4 rats
85 creatures vanquished.

Vanquished Creatures (others)
  A fungus (D:2)
  4 plants
5 creatures vanquished.

Grand Total: 90 creatures vanquished

Notes
Turn   | Place    | Note
-------+----------+-------------------------------------------
     0 | D:1      | joshua the Troll Fighter began the quest for the Orb.
     0 | D:1      | Reached XP level 1. HP: 22/22 MP: 0/0
   105 | D:1      | Reached XP level 2. HP: 12/29 MP: 1/1
   177 | D:1      | Found Xovej's Assorted Antiques.
   200 | D:1      | Bought a scroll labelled CEAFOBLA FUQU for 32 gold pieces
   200 | D:1      | Bought a glowing black potion for 28 gold pieces
   368 | D:1      | Found Hozixzupeh's Distillery.
   522 | D:1      | Found Sowawn's Weapon Shoppe.
   707 | D:2      | Reached XP level 3. HP: 36/36 MP: 2/2
   761 | D:2      | Found a faded altar of an unknown god.
   765 | D:2      | Got Plato's Essays on Blasting
  1401 | D:2      | Reached XP level 4. HP: 30/44 MP: 3/3
  1537 | D:3      | Identified a scroll of acquirement
  1537 | D:3      | Acquired the +12 quick blade "Nogh" {freeze, Str+2}
  1971 | D:3      | Noticed Jessica
  1986 | D:3      | Killed Jessica
  2500 | D:4      | Reached XP level 5. HP: 44/53 MP: 4/4
  2512 | D:4      | Noticed a black bear
  2518 | D:4      | Killed a black bear
  2519 | D:4      | Reached XP level 6. HP: 53/61 MP: 5/5
  2617 | D:4      | Found a burning altar of Makhleb.
  3064 | D:5      | Entered Level 5 of the Dungeon
  3075 | D:4      | Reached XP level 7. HP: 30/68 MP: 6/6
  3117 | D:5      | Noticed Prince Ribbit
  3143 | D:5      | Killed Prince Ribbit
  3190 | D:5      | HP: 2/71 [killer bee (4)]
  3191 | D:5      | Slain by a killer bee

Illustrated notes

Levels and vault maps discovered:
D:1:      lemuel_arrival_funnel, layout_rooms, serial_shops,
          nicolae_shop_waterfront, shop_coins, nicolae_shop_hallway_plus
D:2:      layout_basic, shapermc_ecumenical_altar_rom_forum
D:3:      layout_loops_cross, serial_bayou, serial_bayou_lake_a,
          serial_bayou_shore_b, serial_bayou_shore_b, serial_bayou_pond_a,
          serial_bayou_lagoon_a, kennysheep_another_room,
          hangedman_abyss_or_decor_lesser_grid, hangedman_decor_growths,
          reono_crystal_passage, minivault_23, uniq_jessica
D:4:      layout_basic, mainiacjoe_overflow_24_doors, minmay_stone_trees_small,
          minmay_manual_mess
D:5:      layout_rooms, lemuel_crystal_altar, temple_green, uniq_prince_ribbit1

Skill      XL: |  1  2  3  4  5  6  7 |
---------------+----------------------+-----
Maces & Flails | 2 3 4 |  4.3
Shields        | 3 4 |  4.9
Fighting       | 3 4 |  4.3
Dodging        | 3 4 |  4.3

Action                   |  1- 3 |  4- 6 |  7- 9 || total
-------------------------+-------+-------+-------++-------
Melee: Flail             |   126 |       |       ||   126
       Quick blade       |       |    91 |    27 ||   118
  Use: Scroll            |     2 |     6 |       ||     8
 Stab: Sleeping          |     1 |     1 |       ||     2
Armor: Robe              |    58 |     9 |     7 ||    74
Dodge: Dodged            |    70 |    26 |    32 ||   128
Block: Kite shield       |    71 |    25 |    23 ||   119
